 Dungeon Crawl Stone Soup version 0.28-a0-948-gee6e0bcda6 (webtiles) character file.

Game seed: 9828715445825213539

3215 whyfkfv the Covert (level 9, 0/39 HPs)
             Began as a Spriggan Enchanter on Nov 30, 2021.
             Was a Follower of Dithmenos.
             Killed by the air
             ... invoked by Gastronok
              (19 damage)
             ... on level 8 of the Dungeon.
             The game lasted 00:18:52 (8048 turns).

whyfkfv the Covert (Spriggan Enchanter)             Turns: 8048, Time: 00:18:53

Health: 0/39       AC: 10    Str: 13    XL:     9   Next: 65%
Magic:  18/22      EV: 17    Int: 24    God:    Dithmenos [*.....]
Gold:   346        SH:  0    Dex: 16    Spells: 17/25 levels left

rFire   + . .      SeeInvis +   q - +1 dagger (venom)
rCold   . . .      Faith    .   (shield restricted)
rNeg    . . .      Spirit   .   v - +0 steam dragon scales
rPois   .          Reflect  .   e - +2 hat of the Lumpy Wonders {Int+6}
rElec   .          Harm     .   (no cloak)
rCorr   .          Rampage  .   (gloves unavailable)
Will    ++...                   (boots unavailable)
Stlth   +++++.....              (no amulet)
HPRegen 0.13/turn               l - +6 ring of strength
MPRegen 0.18/turn               g - ring of willpower

@: wreathed by umbra, very quick
A: very small, no large weapons, unfitting armour, see invisible, speed 3,
hooves 1, iridescent scales 1, clever 1, fire resistance 1
a: Renounce Religion


You were on level 8 of the Dungeon.
You worshipped Dithmenos.
Dithmenos was aware of your devotion.
You visited 2 branches of the dungeon, and saw 9 of its levels.
You also visited: Sewer.

You collected 346 gold pieces.

Inventory:

Hand Weapons
 a - a +3 dagger
 q - a +1 dagger of venom (weapon)
Missiles
 d - 2 throwing nets (quivered)
 i - 43 poisoned darts
 p - a curare-tipped dart
Armour
 b - a +0 robe
 c - a +1 troll leather armour {Pargi}
 e - the +2 hat of the Lumpy Wonders (worn) {Int+6}
   (You acquired it on level 3 of the Dungeon)

   Int:       It affects your intelligence (+6).
 n - a +1 robe of resistance
 v - +0 steam dragon scales (worn)
Jewellery
 g - a ring of willpower (right hand)
 l - a +6 ring of strength (left hand)
Wands
 k - a wand of acid (17)
 u - a wand of flame (14)
Scrolls
 h - 4 scrolls of teleportation
 s - a scroll of amnesia
 w - 2 scrolls of fear
Potions
 f - 5 potions of haste
 j - a potion of resistance
 m - a potion of cancellation
 o - a potion of brilliance
 r - a potion of flight {unknown}
 t - 2 potions of magic {unknown}
 x - a potion of might {unknown}


   Skills:
 - Level 1.1 Short Blades
 - Level 6.0 Armour
 - Level 2.6 Dodging
 + Level 10.0 Stealth
 + Level 8.5 Spellcasting
 + Level 8.8 Hexes


You had 17 spell levels left.
You knew the following spells:

 Your Spells              Type           Power      Damage    Failure   Level
a - Ensorcelled Hibernat  Hex/Ice        62%        N/A       1%          2
b - Tukima's Dance        Hex            52%        N/A       1%          3
c - Dazzling Flash        Conj/Hex       62%        N/A       3%          3

Your spell library contained the following spells:

 Spells                   Type           Power      Damage    Failure   Level
 Confusing Touch          Hex            52%        N/A       1%          3
 Blade Hands              Tmut           5%         N/A       86%         5
 Irradiate                Conj/Tmut      5%         3d15      86%         5
 Dragon Form              Tmut           5%         N/A       100%        7


Dungeon Overview and Level Annotations

Branches:
Dungeon (8/15)             Temple (1/1) D:5           Sewer (visited)
   Lair: D:8-11

Altars:
Cheibriados
Dithmenos
Elyvilon
Gozag
Hepliaklqana
Kikubaaqudgha
Makhleb
Nemelex Xobeh
Okawaru
Ru
Trog
Wu Jian
Xom
Yredelemnul
Zin

Annotations:
D:8 Gastronok


Innate Abilities, Weirdness & Mutations

You are very small and have problems with some larger weapons.
You are too small for most types of armour.
You have supernaturally acute eyesight. (SInv)
You cover ground extremely quickly. (Speed+++)
You have large cloven feet.
You are partially covered in iridescent scales. (AC +2)
Your mind is acute. (Int +2)
Your flesh is heat resistant. (rF+)


Message History

Done exploring.
Done exploring.
(D) Dungeon (T) Temple
Where to? (Enter - D:7, ? - help)
You disentangle yourself.
There is a stone staircase leading up here.
There is a stone staircase leading down here.
You climb downwards.
There is a stone staircase leading up here.
Unknown command.
Unknown command.
Unknown command.
A bullfrog comes into view.
Found a stone staircase leading down.
Gastronok the Ponderous comes into view.
He is wearing the +3 hat of Pondering {ponderous, Will+ MP+10 Int+5}.
Gastronok gurgles horribly!
Gastronok bites you!!
Ouch! That really hurt!
The bullfrog croaks.
You are too injured to fight recklessly!
Unknown command.
Okay, then.
Unknown command.
Casting: Tukima's Dance (safe; 1% risk of failure)
Confirm with . or Enter, or press ? or * to list all spells.
Aiming: Ensorcelled Hibernation (safe; 1% risk of failure)
Press: ? - help, Shift-Dir - straight line, f - Gastronok
Aim: Gastronok, wearing the +3 hat of Pondering {ponderous, Will+ MP+10 Int+5} (umbra, chance to affect: 0%) Gastronok resists with almost no effort.
The bullfrog barely misses you.
Unknown command.
Casting: Ensorcelled Hibernation (safe; 1% risk of failure)
Confirm with . or Enter, or press ? or * to list all spells.
Aiming: Ensorcelled Hibernation (safe; 1% risk of failure)
Press: ? - help, Shift-Dir - straight line, f - bullfrog, p - Gastronok
Aim: a bullfrog (umbra, chance to affect: 60%)
The bullfrog looks drowsy...
Gastronok waves his eye-stalks in wide circles.
The air twists around and strikes you!!
You die...

...#
#..####+##
#........# .
#........#.#
#..>.....#.#
#...........
#wF......#####
#.@..........#
#..........#
#.......##.#
#######.##.#
########....#
#........####
#.......##
#.......#
#<......#


You could see Gastronok and a bullfrog (asleep).

Vanquished Creatures
  Joseph (D:7)
  Maggie (D:7)
  Edmund (D:6)
  Pargi (D:3)
  2 black bears (D:5)
  An ice beast (D:6)
  4 necrophages
  A sky beast (D:5)
  3 ogres
  2 kobold brigands
  2 gnoll sergeants (D:7)
  A bullfrog (D:4)
  5 scorpions
  A water moccasin skeleton (D:6)
  A jelly (D:6)
  An orc priest (D:4)
  5 hounds
  A gnoll shaman (D:7)
  An iguana (D:6)
  Jessica (D:3)
  Natasha (twice) (D:3)
  2 orc wizards (D:4)
  A hound skeleton (D:5)
  2 gnolls (D:7)
  5 adders
  A white imp (D:6)
  2 ufetubi
  An adder skeleton (D:4)
  2 worms
  2 dart slugs
  28 orcs
  5 ball pythons
  6 endoplasms
  8 giant cockroaches
  3 goblins
  6 hobgoblins
  11 kobolds
  5 quokkas
  2 bats (D:2)
  5 frilled lizards
  7 rats
142 creatures vanquished.

Vanquished Creatures (collateral kills)
  An ogre (D:3)
  6 gnolls (D:7)
  3 orcs
  2 kobolds (D:6)
  A quokka (D:3)
13 creatures vanquished.

Vanquished Creatures (others)
  2 dancing weapons (D:7)
  5 plants (D:7)
7 creatures vanquished.

Grand Total: 162 creatures vanquished

Notes
Turn   | Place    | Note
-------+----------+-------------------------------------------
     0 | D:1      | whyfkfv the Spriggan Enchanter began the quest for the Orb.
     0 | D:1      | Reached XP level 1. HP: 9/9 MP: 5/5
   278 | D:1      | Reached XP level 2. HP: 13/13 MP: 7/7
   281 | D:1      | Learned a level 2 spell: Ensorcelled Hibernation
   855 | D:1      | Found a faded altar of an unknown god.
  1646 | D:2      | Reached XP level 3. HP: 16/16 MP: 9/9
  2531 | D:2      | Learned a level 3 spell: Tukima's Dance
  2535 | D:2      | Learned a level 3 spell: Dazzling Flash
  2978 | D:3      | Noticed Pargi
  2989 | D:3      | Killed Pargi
  2990 | D:3      | Reached skill level 5 in Spellcasting
  2990 | D:3      | Reached skill level 5 in Hexes
  2990 | D:3      | Reached XP level 4. HP: 21/21 MP: 8/12
  2990 | D:3      | Reached XP level 5. HP: 24/24 MP: 8/13
  3012 | D:3      | Noticed Jessica
  3027 | D:3      | Killed Jessica
  3066 | D:3      | Gained mutation: You are partially covered in iridescent
                  | scales. (AC +2) [potion of mutation]
  3066 | D:3      | Gained mutation: Your flesh is heat resistant. (rF+)
                  | [potion of mutation]
  3066 | D:3      | Gained mutation: Your mind is acute. (Int +2) [potion of
                  | mutation]
  3066 | D:3      | Gained mutation: You have large cloven feet. [potion of
                  | mutation]
  3070 | D:3      | Identified a scroll of acquirement
  3070 | D:3      | Acquired the +2 hat of the Lumpy Wonders {Int+6}
  3137 | D:3      | Noticed an ogre
  3151 | D:3      | Killed an ogre
  3152 | D:3      | Reached skill level 5 in Stealth
  3152 | D:3      | Reached XP level 6. HP: 23/28 MP: 3/15
  3156 | D:3      | Found a glowing drain.
  3166 | Sewer    | Entered a sewer
  3828 | D:3      | Noticed Natasha
  3832 | D:3      | Killed Natasha
  3849 | D:3      | Noticed Natasha
  3868 | D:3      | Killed Natasha
  4191 | D:4      | Reached skill level 6 in Stealth
  4369 | D:4      | Reached XP level 7. HP: 32/32 MP: 17/17
  4415 | D:4      | Reached skill level 7 in Stealth
  4913 | D:4      | Reached skill level 1 in Armour
  5180 | D:5      | Entered Level 5 of the Dungeon
  5497 | D:5      | Reached XP level 8. HP: 36/36 MP: 19/19
  5529 | D:5      | Found a staircase to the Ecumenical Temple.
  5542 | Temple   | Entered the Ecumenical Temple
  5605 | Temple   | Became a worshipper of Dithmenos the Shadowed
  5802 | D:5      | Found a bloodstained altar of Trog.
  6131 | D:6      | Noticed Edmund
  6146 | D:6      | Killed Edmund
  6147 | D:6      | Reached skill level 5 in Armour
  6264 | D:6      | Found a white marble altar of Elyvilon.
  6537 | D:6      | Reached XP level 9. HP: 39/39 MP: 11/20
  6623 | D:6      | Reached * piety under Dithmenos
  6643 | D:6      | Reached skill level 8 in Stealth
  6698 | D:6      | Found a basalt altar of Yredelemnul.
  6891 | D:6      | Found a shimmering altar of Xom.
  7042 | D:7      | Noticed Joseph
  7058 | D:7      | Killed Joseph
  7110 | D:7      | Noticed Maggie
  7119 | D:7      | Killed Maggie
  7120 | D:7      | Reached skill level 9 in Stealth
  7703 | D:7      | Reached skill level 10 in Stealth
  7977 | D:7      | Found a sacrificial altar of Ru.
  8041 | D:8      | Noticed Gastronok
  8048 | D:8      | Killed from afar by Gastronok

Illustrated notes

Levels and vault maps discovered:
D:1:      nagdon_arrival_double_spiral, layout_loops_ring,
          shapermc_ecumenical_altar_hornbeckon
D:2:      cheibrodos_helix_gallery, layout_basic
D:3:      layout_basic, portal_sewer_entry_f, uniq_jessica, uniq_pargi,
          uniq_natasha
D:4:      layout_basic, minmay_misc_feat_secret_circle
D:5:      layout_gridville, trog_ov_bears_minmay, minmay_temple_entry_hall,
          palyth_stone_intersect
D:6:      layout_basic, kennysheep_ying_yang, tgw_xom, uniq_edmund
D:7:      layout_loops_ring, nicolae_ru_the_path_less_chosen,
          nicolae_grassy_gnolls, uniq_joseph, uniq_maggie
D:8:      layout_basic, tso_altar, uniq_gastronok
Temple:   jpeg_temple_alley_garden

Skill      XL: |  1  2  3  4  5  6  7  8  9 |
---------------+----------------------------+-----
Spellcasting   | 3 5 6 8 |  8.5
Hexes          | 4 5 6 7 8 |  8.8
Stealth        | 5 6 7 10 | 10.0
Armour         | 3 6 |  6.0
Short Blades   | |  1.1
Dodging        | |  2.6

Action                   |  1- 3 |  4- 6 |  7- 9 || total
-------------------------+-------+-------+-------++-------
Melee: Dagger            |   141 |    95 |   295 ||   531
       Kick              |       |    20 |    76 ||    96
 Cast: Ensorcelled Hiber |    16 |    16 |    51 ||    83
       Tukima's Dance    |       |     1 |    18 ||    19
       Dazzling Flash    |       |       |     3 ||     3
  Use: Potion            |     1 |     1 |       ||     2
       Scroll            |       |    12 |     6 ||    18
 Stab: Sleeping          |    23 |    19 |    31 ||    73
       Distracted        |     1 |       |     1 ||     2
       Invisible         |       |     2 |     1 ||     3
Armor: Robe              |    14 |     8 |       ||    22
       Troll leather arm |       |    13 |    80 ||    93
       Steam dragon scal |       |       |    15 ||    15
Dodge: Dodged            |    96 |    80 |   279 ||   455

Table legend: (Time is in decaauts)
 A = Elapsed time spent in this place.
 B = Non-inter-level travel time spent in this place.
 C = Inter-level travel time spent in this place.
 D = Time resting spent in this place.
 E = Time spent auto-exploring this place.
 F = Levels seen in this place.
 G = Mean time per level.
                   A        B        C        D        E       F      G
               +--------+--------+--------+--------+--------+-----+--------+
         Total |   6145 |   5967 |    178 |    701 |   3963 |  10 |  614.5 |
       Dungeon |   5915 |   5762 |    153 |    638 |   3893 |   8 |  739.4 |
        Temple |     64 |     39 |     25 |      0 |     17 |   1 |   64.0 |
         Sewer |    166 |    166 |      0 |     63 |     52 |   1 |  166.0 |
               +--------+--------+--------+--------+--------+-----+--------+

Top non-repeatable levels by time:
     D:2: 1710 daAuts
     D:7: 782 daAuts
     D:4: 771 daAuts
     D:6: 748 daAuts
     D:1: 672 daAuts
     D:3: 669 daAuts
     D:5: 550 daAuts
   Sewer: 166 daAuts
  Temple: 64 daAuts
     D:8: 10 daAuts
